 Dungeon Crawl Stone Soup version 0.31.0-11-ge490571c62 (webtiles) character file.

Game seed: 16196828696810260506

83 DemonSlayer the Digger (level 4, -4/30 HPs)
             Began as a Demonspawn Earth Elementalist on Feb 3, 2024.
             Slain by Crazy Yiuf
             ... wielding a +2 quarterstaff of chaos
              (12 damage)
             ... on level 2 of the Dungeon.
             The game lasted 00:05:12 (2040 turns).

DemonSlayer the Digger (DsEE)                       Turns: 2040, Time: 00:05:12

Health: -4/30      AC:  2    Str:  8    XL:     4   Next: 22%
Magic:  3/8        EV: 12    Int: 15    God:
Gold:   68         SH:  0    Dex: 16    Spells: 5/9 levels left

rFire   . . .        i - +1 dagger (speed)
rCold   . . .        (no shield)
rNeg    . . .        a - +0 robe
rPois   .            (helmet restricted)
rElec   .            (no cloak)
rCorr   .            (no gloves)
SInv    .            (no boots)
Will    .....        (no amulet)
Stlth   ++           (no ring)
HPRegen 0.25/turn    (no ring)
MPRegen 0.11/turn

%: no passive effects
@: lethally poisoned (-4 -> -17), hasted, very quick
A: horns 1
a: no special abilities


You were on level 2 of the Dungeon.
You visited 1 branch of the dungeon, and saw 2 of its levels.

You collected 68 gold pieces.

Inventory:

Hand Weapons
 i - a +1 dagger of speed (weapon)
Armour
 a - a +0 robe (worn)
Talismans
 c - a flux talisman
 k - a dragon-blood talisman
Scrolls
 d - 3 scrolls of identify {unknown}
 f - a scroll of immolation {unknown}
 g - a scroll of poison {unknown}
 h - a scroll of fog {unknown}
 j - a scroll of noise {unknown}
 o - a scroll of fear {unknown}
Potions
 b - a potion of magic
 e - a potion of attraction {unknown}
 l - a potion of mutation {unknown}
 m - a potion of resistance {unknown}
 n - a potion of curing {unknown}
 p - a potion of lignification {unknown}


   Skills:
 + Level 0.1 Fighting
 + Level 0.5 Maces & Flails
 + Level 1.9 Dodging
 + Level 2.1 Stealth
 + Level 3.0 Spellcasting
 + Level 1.0 Conjurations
 + Level 3.6 Earth Magic


You had 5 spell levels left.
You knew the following spells:

 Your Spells              Type           Power      Damage    Failure   Level
a - Sandblast             Erth           26%        2d8       4%          1
b - Stone Arrow           Conj/Erth      18%        3d8       24%         3

Your spell library contained the following spells:

 Spells                   Type           Power      Damage    Failure   Level
 Passwall                 Erth           13%        N/A       14%         3
 Call Imp                 Summ           4%         N/A       30%         2
 Sublimation of Blood     Necr           2%         N/A       30%         2
 Ozocubu's Armour         Ice            2%         N/A       52%         3
 Brom's Barrelling Bould  Conj/Erth      9%         2d3       61%         4
 Petrify                  Alch/Erth      7%         N/A       67%         4
 Metabolic Englaciation   Hex/Ice        1%         N/A       99%         5
 Sculpt Simulacrum        Ice/Alch       1%         N/A       100%        6
 Summon Hydra             Summ           1%         N/A       100%        7


Dungeon Overview and Level Annotations

Branches:
Dungeon (2/15)

Altars:

Shops:
D:1 [

Annotations:
D:2 Crazy Yiuf


Innate Abilities, Weirdness & Mutations

You have a pair of small horns on your head.


Message History

You see here a +0 short sword.
You see here a +0 spear.
There is a stone staircase leading down here.
There is a stone staircase leading down here.
You see here 6 stones.
There is a stone staircase leading up here.
There is a stone staircase leading down here.
No reachable target in view!
No reachable target in view!
No reachable target in view!
No reachable target in view!
No reachable target in view!
No reachable target in view!
No reachable target in view!
You open the door.
The blast of sand misses Crazy Yiuf.
Crazy Yiuf shouts!
Crazy Yiuf barely misses you.
The blast of sand hits Crazy Yiuf but does no damage.
Crazy Yiuf hits you with a +2 quarterstaff of chaos.
You feel yourself speed up.
The blast of sand hits Crazy Yiuf but does no damage.
Crazy Yiuf hits you with a +2 quarterstaff of chaos.
Crazy Yiuf freezes you.
The blast of sand hits Crazy Yiuf.
Crazy Yiuf is lightly wounded.
Crazy Yiuf hits you with a +2 quarterstaff of chaos!
You are lethally poisoned!
Casting: Sandblast (safe; 4% risk of failure)
Confirm with . or Enter, or press ? or * to list all spells.
Aiming: Sandblast (safe; 4% risk of failure)
Press: ? - help, Shift-Dir - straight line, f/p - Crazy Yiuf
Aim: Crazy Yiuf, wielding a +2 quarterstaff of chaos and wearing a +2 cloak of poison resistance (lightly wounded, 84% to hit)
The blast of sand hits Crazy Yiuf.
Crazy Yiuf is moderately wounded.
* * * LOW HITPOINT WARNING * * *
You feel very sick.
Crazy Yiuf sings, "Trees, trees, trees, circus!"
Crazy Yiuf hits you with a +2 quarterstaff of chaos!
You die...

#.#####....#
### #####.#
#....#
..###.....#
♣....♣
#.#...#####
♣♣...♣ #.#.###
♣♣.♣♣ #.#.#
♣♣.♣ ....# ♣.♣♣
.#..# ♣♣.♣
....# ♣@♣♣
#.#.########
#g#
#..........#
...
###.########
#...# #.# #)..#
#.# ##### #.#
#.# ###
#.###########.#


You could see Crazy Yiuf.

Vanquished Creatures
  Jessica (D:2)
  2 adders (D:2)
  6 bats
  5 endoplasms
  A giant cockroach (D:1)
  2 goblins (D:1)
  3 hobgoblins (D:1)
  3 jackals (D:1)
  4 kobolds (D:1)
  A quokka (D:2)
  4 ball pythons (D:1)
  3 rats
35 creatures vanquished.

Notes
Turn   | Place    | Note
-------+----------+-------------------------------------------
     0 | D:1      | DemonSlayer the Demonspawn Earth Elementalist began the
                  | quest for the Orb.
     0 | D:1      | Reached XP level 1. HP: 13/13 MP: 3/3
   128 | D:1      | Found Lusec's Armour Emporium.
   258 | D:1      | Gained mutation: You have a pair of small horns on your
                  | head. [demonic ancestry]
   258 | D:1      | Reached XP level 2. HP: 14/19 MP: 0/5
   888 | D:2      | Reached XP level 3. HP: 17/24 MP: 1/6
  1062 | D:2      | Noticed Jessica
  1067 | D:2      | Killed Jessica
  1068 | D:2      | Reached XP level 4. HP: 30/30 MP: 4/8
  1311 | D:2      | Learned a level 3 spell: Stone Arrow
  1676 | D:2      | Found a runed translucent door.
  1677 | D:2      | Noticed Crazy Yiuf
  2040 | D:2      | Slain by Crazy Yiuf

Illustrated notes

Levels and vault maps discovered:
D:1:      dpeg_arrival_shrine, layout_rooms, serial_shops,
          nicolae_shop_window_shopping, st_stairs_2
D:2:      layout_loops_ring, serial_aquarium, aquarium_bridge_straight
          [aquarium_subvault_bridge, aquarium_subvault_wall,
          aquarium_subvault_bridge, aquarium_subvault_balcony],
          aquarium_window_2, aquarium_window_corridor_1, aquarium_view_4,
          aquarium_balcony_3a, aquarium_pool_corner, uniq_jessica,
          uniq_crazy_yiuf_cottage

Skill      XL: |  1  2  3  4 |
---------------+-------------+-----
Earth Magic    | 3 |  3.6
Stealth        | 2 |  2.1
Spellcasting   | 3 |  3.0
Fighting       | |  0.1
Maces & Flails | |  0.5
Dodging        | |  1.9
Conjurations   | |  1.0

Action                     |  1- 3 |  4- 6 || total
---------------------------+-------+-------++-------
  Melee: Mace              |     4 |       ||     4
         Dagger            |     5 |    17 ||    22
         Punch             |     1 |       ||     1
         Headbutt          |     1 |     2 ||     3
   Cast: Sandblast         |    37 |     9 ||    46
   Stab: Sleeping          |       |     2 ||     2
 Armour: Robe              |    11 |    16 ||    27
  Dodge: Dodged            |    27 |    18 ||    45
